 Dungeon Crawl Stone Soup version 0.17.0-7-gfadd4cc (webtiles) character file.

1066 MDvedh the Cleaver (level 8, -2/64 HPs)
             Began as a Hill Orc Fighter on Nov 8, 2015.
             Slain by a troll (6 damage)
             ... on level 5 of the Dungeon.
             The game lasted 00:10:51 (3769 turns).

MDvedh the Cleaver (Hill Orc Fighter)               Turns: 3769, Time: 00:10:51

Health: -2/64      AC:  6    Str: 21    XL:     8   Next: 28%
Magic:  8/8        EV:  7    Int:  8    God:
Gold:   168        SH: 10    Dex: 10    Spells: 0 memorised, 7 levels left

rFire  . . .     SeeInvis .     e - +0 war axe
rCold  . . .     Clarity  .     b - +0 scale mail
rNeg   . . .     SustAt   .     c - +1 shield
rPois  .         Gourm    .     (no helmet)
rElec  .         Spirit   .     (no cloak)
rCorr  .         Warding  .     (no gloves)
rMut   .         Stasis   .     (no boots)
MR     .....                    j - amulet of rage
Stlth  ..........               (no ring)
                                (no ring)

@: not resistant to hostile enchantments, extremely unstealthy
A: no striking features
a: Evoke Berserk Rage


You were on level 5 of the Dungeon.
You were not hungry.

You visited 1 branch of the dungeon, and saw 5 of its levels.

You collected 168 gold pieces.

Inventory:

Hand Weapons
 e - a +0 war axe (weapon)
Armour
 b - a +0 scale mail (worn)
 c - a +1 shield (worn)
Jewellery
 j - an amulet of rage (around neck)
 q - an uncursed ring of protection from cold
 t - an uncursed ring of teleportation
Wands
 n - a wand of disintegration (10)
 p - a wand of flame (2)
 s - a wand of hasting (5)
Scrolls
 g - a scroll of magic mapping
 i - 2 scrolls of teleportation
 o - a scroll of recharging
Potions
 f - 2 potions of curing {unknown}
 h - a potion of degeneration {unknown}
 m - 2 potions of poison {unknown}
Comestibles
 a - 2 bread rations
 d - a beef jerky
 k - 2 royal jellies
 l - 3 meat rations


   Skills:
 - Level 3.6 Fighting
 + Level 12.1 Axes
 + Level 3.5 Armour
 + Level 3.5 Shields


You had 7 spell levels left.
You didn't know any spells.

Dungeon Overview and Level Annotations

Branches:
Dungeon (5/15)
 Temple: D:4-7

Altars:
Cheibriados
Elyvilon
Fedhas
Xom
The Shining One


Message History

The troll is severely wounded.
You block the troll's attack. x2
The troll claws you.
You closely miss the troll.
The troll is severely wounded.
The troll bites you but does no damage. The troll barely misses you.
The troll claws you.
* * * LOW HITPOINT WARNING * * *
You are too injured to fight recklessly!
You slash the troll!
The troll is almost dead.
The troll bites you!
* * * LOW HITPOINT WARNING * * *
The troll claws you.
* * * LOW HITPOINT WARNING * * *
You block the troll's attack.
Your scale mail prevents you from hitting the troll.
The troll is almost dead.
The troll closely misses you. The troll claws you.
You die...

...##...........
.....#.......... ..
......#......... T.
.......#........ .##
.....#..#....... ..#
......#..#...# ..#####
.......#..##### ##.......
.........#....#########........
................@T......#
...........###########..#
##........########## #...#
##......#.........# ##..#
##....#..........# ##..#
#...###........## #..# ##..#
##.......# .... ##.## #......##
#.... #..# ##.....# #...


You could see a troll.

Vanquished Creatures
  Grinder (D:3)
  Sigmund (D:2)
  A water moccasin (D:4)
  The ghost of septik the Chiller, an amateur NaIE of Sif Muna (D:3)
  A centaur (D:3)
  A water moccasin zombie (D:5)
  A scorpion (D:3)
  2 crimson imps (D:5)
  An orc wizard (D:4)
  A hound (D:3)
  An iguana (D:4)
  A giant frog skeleton (D:5)
  Jessica (D:2)
  Natasha (thrice) (D:3)
  A hound zombie (D:5)
  3 adders
  An ooze (D:3)
  4 giant geckos
  6 orcs
  A ball python (D:5)
  2 giant cockroaches
  5 hobgoblins
  6 jackals (D:5)
  A quokka (D:2)
  4 bats
  6 giant newts
  8 goblins
  5 kobolds
  7 rats
77 creatures vanquished.

Vanquished Creatures (others)
  A quokka (D:3)
  4 toadstools (D:1)
5 creatures vanquished.

Grand Total: 82 creatures vanquished

Notes
Turn   | Place    | Note
--------------------------------------------------------------
     0 | D:1      | MDvedh the Hill Orc Fighter began the quest for the Orb.
     0 | D:1      | Reached XP level 1. HP: 19/19 MP: 1/1
   162 | D:1      | Reached XP level 2. HP: 17/26 MP: 2/2
   678 | D:2      | Reached skill level 4 in Axes
   704 | D:2      | Noticed Jessica
   716 | D:2      | Killed Jessica
   716 | D:2      | Reached skill level 5 in Axes
   716 | D:2      | Reached XP level 3. HP: 31/31 MP: 3/3
   795 | D:2      | Found a glowing golden altar of the Shining One.
   872 | D:2      | Noticed Sigmund
   925 | D:2      | Gained mutation: You are partially covered in icy blue scales (AC +1). [potion of mutation]
   925 | D:2      | Gained mutation: You can spit weak poison. [potion of mutation]
   925 | D:2      | Gained mutation: Your body sometimes deteriorates upon taking damage. [potion of mutation]
   926 | D:2      | Lost mutation: You can spit weak poison. [potion of cure mutation]
   926 | D:2      | Lost mutation: Your body sometimes deteriorates upon taking damage. [potion of cure mutation]
   926 | D:2      | Lost mutation: You are partially covered in icy blue scales (AC +1). [potion of cure mutation]
   945 | D:2      | Killed Sigmund
   945 | D:2      | Reached skill level 7 in Axes
   945 | D:2      | Reached XP level 4. HP: 28/39 MP: 4/4
   945 | D:2      | Reached XP level 5. HP: 32/45 MP: 5/5
  1068 | D:2      | Found a blossoming altar of Fedhas.
  1173 | D:2      | Found a snail-covered altar of Cheibriados.
  1173 | D:2      | Found a shimmering altar of Xom.
  1577 | D:3      | Reached skill level 8 in Axes
  1591 | D:3      | Reached XP level 6. HP: 51/51 MP: 6/6
  1662 | D:3      | Noticed Natasha
  1662 | D:3      | Noticed Grinder
  1666 | D:3      | Paralysed by Grinder for 2 turns
  1739 | D:3      | Noticed septik's ghost (amateur NaIE)
  1753 | D:3      | Killed septik's ghost
  1794 | D:4      | Noticed a troll
  1801 | D:3      | Reached skill level 9 in Axes
  1814 | D:3      | Found a white marble altar of Elyvilon.
  1826 | D:3      | Killed Natasha
  1919 | D:3      | Noticed a centaur
  1937 | D:3      | Killed a centaur
  1937 | D:3      | Reached XP level 7. HP: 44/57 MP: 7/7
  2198 | D:3      | Noticed Natasha
  2206 | D:3      | Killed Natasha
  2230 | D:3      | Noticed Natasha
  2249 | D:3      | Killed Natasha
  2252 | D:3      | Killed Grinder
  2252 | D:3      | Reached skill level 10 in Axes
  2605 | D:4      | Reached skill level 11 in Axes
  2874 | D:4      | Noticed a water moccasin
  2886 | D:4      | Killed a water moccasin
  2886 | D:4      | Reached XP level 8. HP: 41/64 MP: 8/8
  3256 | D:5      | Entered Level 5 of the Dungeon
  3318 | D:5      | Reached skill level 12 in Axes
  3750 | D:5      | Noticed a troll
  3768 | D:5      | HP: 3/64 [troll (4)]
  3769 | D:5      | Slain by a troll

Action                   |  1- 3 |  4- 6 |  7- 9 || total
-------------------------+-------+-------+-------++-------
Melee: War axe           |    79 |    90 |   133 ||   302
Evoke: Wand              |       |       |     2 ||     2
  Use: Scroll            |     4 |     2 |     2 ||     8
       Potion            |     5 |       |       ||     5
  Eat: Bread ration      |     1 |       |       ||     1
       Chunk             |       |       |     5 ||     5
